 Dungeon Crawl Stone Soup version 0.30.0 (webtiles) character file.

Game seed: 880973479726801795

58 xyz the Chopper (level 3, -1/31 HPs)
             Began as a Minotaur Berserker on Aug 7, 2023.
             Was a Believer of Trog.
             Slain by a hobgoblin (2 damage)
             ... led by Robin
             ... on level 2 of the Dungeon.
             The game lasted 00:04:46 (910 turns).

xyz the Chopper (Minotaur Berserker)                 Turns: 910, Time: 00:04:47

Health: -1/31      AC:  8    Str: 23    XL:     3   Next: 75%
Magic:  2/2        EV:  9    Int:  4    God:    Trog [**....]
Gold:   78         SH:  0    Dex:  9    Spells: 2/2 levels left

rFire   . . .        a - +0 hand axe
rCold   . . .        (no shield)
rNeg    . . .        f - +0 chain mail
rPois   .            (helmet restricted)
rElec   .            (no cloak)
rCorr   .            (no gloves)
SInv    .            (no boots)
Will    .....        (no amulet) Stlth
                     (no ring)
HPRegen 0.25/turn    (no ring)
MPRegen 0.08/turn

%: no passive effects
@: mighty, on berserk cooldown, slowed, very slow
A: horns 2, retaliatory headbutt
a: Renounce Religion, Berserk, Trog's Hand


You were on level 2 of the Dungeon.
You worshipped Trog.
Trog was pleased with you.
You visited 1 branch of the dungeon, and saw 2 of its levels.

You collected 78 gold pieces.

Inventory:

Hand Weapons
 a - a +0 hand axe (weapon)
Missiles
 d - 3 poisoned darts (quivered)
Armour
 b - a +0 animal skin
 f - a +0 chain mail (worn)
Scrolls
 c - a scroll of teleportation {unknown}
 e - a scroll of enchant weapon {unknown}
 h - a scroll of identify {unknown}


   Skills:
 - Level 3.6 Fighting
 + Level 5.6 Axes
 - Level 2.4 Armour
 - Level 2.1 Dodging
 + Level 0.4 Stealth


You had 2 spell levels left.
You didn't know any spells.
Your spell library was empty.

Dungeon Overview and Level Annotations

Branches:
Dungeon (2/15)

Altars:

Shops:
D:2 =

Annotations:
D:2 Robin


Innate Abilities, Weirdness & Mutations

You have a pair of horns on your head.
You reflexively headbutt those who attack you in melee.


Message History

You closely miss the goblin.
You feel sick.
You are no longer poisoned.
The goblin hits you with a +0 dagger. The goblin hits you but does no damage.
Robin zaps a wand.
Some rock shatters into small pieces.
The hobgoblin hits you but does no damage.
You hit the goblin.
You kill the goblin!
Trog accepts your kill.
You hit the hobgoblin but do no damage.
The hobgoblin hits you but does no damage.
The hobgoblin hits you but does no damage.
Things that are here:
a +0 dagger; a goblin corpse The hobgoblin attacks as you move away!
The hobgoblin closely misses you.
Robin zaps a wand.
Some rock shatters into small pieces.
The hobgoblin attacks as you move away!
The hobgoblin hits you but does no damage.
The hobgoblin no longer looks unusually strong. x2
The hobgoblin misses you.
Robin roars a battlecry!
The hobgoblins go into a battle-frenzy!
The hobgoblin attacks as you move away! The hobgoblin hits you.
The hobgoblin no longer looks unusually strong.
The goblin no longer looks unusually strong.
Robin roars a battlecry!
The goblins go into a battle-frenzy!
The hobgoblin hits you.
* * * LOW HITPOINT WARNING * * *
It was a potion of might.
You feel very mighty all of a sudden. The hobgoblin hits you.
* * * LOW HITPOINT WARNING * * *
The hobgoblin hits you.
* * * LOW HITPOINT WARNING * * *
Robin zaps a wand.
Some rock shatters into small pieces.
The now-empty wand crumbles to dust.
The hobgoblin attacks as you move away!
The hobgoblin hits you but does no damage.
The hobgoblin hits you.
You die...

#...........# #......)....#
#...........# #...........#
#######....## #....# #....#
.#.#.#.############....######.
#
....g....gg.g.gg@........>.....
##..#######.#######....##.###.#
#.g....... #........##.#
#g..g..... #####.#.....#
#...ggg... #.#....##.#
#..g...... #.#...<...#
#....g...) #.#.#######
#......... #.#........
#......... #.#..######


You could see Robin, 3 hobgoblins and a goblin (strong).

Vanquished Creatures
  An adder (D:2)
  A dart slug (D:1)
  6 ball pythons
  4 bats
  3 endoplasms (D:1)
  2 giant cockroaches (D:1)
  11 goblins
  4 hobgoblins
  2 quokkas (D:1)
  3 kobolds
  3 rats (D:1)
40 creatures vanquished.

Notes
Turn   | Place    | Note
-------+----------+-------------------------------------------
     0 | D:1      | xyz the Minotaur Berserker began the quest for the Orb.
     0 | D:1      | Reached XP level 1. HP: 19/19 MP: 0/0
    52 | D:1      | Reached skill level 4 in Axes
    73 | D:1      | Reached XP level 2. HP: 24/26 MP: 1/1
   299 | D:1      | Reached skill level 5 in Axes
   310 | D:1      | Reached ** piety under Trog
   408 | D:1      | Reached XP level 3. HP: 31/31 MP: 2/2
   795 | D:2      | Found Foh Nidgh's Jewellery Boutique.
   879 | D:2      | Noticed Robin
   908 | D:2      | HP: 1/31 [hobgoblin[Robin] (6)]
   910 | D:2      | Slain by a hobgoblin

Illustrated notes

Levels and vault maps discovered:
D:1:      minmay_arrival_semitransparent, layout_loops_ring
D:2:      layout_basic, serial_shops, shop, uniq_robin

Skill      XL: |  1  2 |
---------------+-------+-----
Axes           | 4 5 |  5.6
Fighting       | |  3.6
Armour         | |  2.4
Dodging        | |  2.1
Stealth        | |  0.4

Action                     || total
---------------------------++-------
  Melee: Hand axe          ||    74
         Headbutt          ||     6
 Invoke: Berserk           ||     1
    Use: Potion            ||     1
   Stab: Sleeping          ||     1
 Armour: Animal skin       ||     2
         Chain mail        ||    24
  Dodge: Dodged            ||    34
